 Dungeon Crawl Stone Soup version 0.23-a0-419-g0174fd8 (webtiles) character file.

109 Geeful the Grasshopper (level 4, -9/42 HPs)
             Began as a Naga Warper on Nov 13, 2018.
             Was a Follower of Ashenzari.
             Mangled by a wyvern skeleton (12 damage)
             ... on level 3 of the Dungeon.
             The game lasted 00:20:21 (3436 turns).

Geeful the Grasshopper (Naga Warper)                Turns: 3436, Time: 00:20:21

Health: -9/42      AC:  3    Str: 12 (14) XL:     4   Next: 89%
Magic:  5/8        EV:  9    Int: 14      God:    Ashenzari [*.....]
Gold:   45         SH:  0    Dex:  9 (10) Spells: 4/8 levels left

rFire    . . .     SeeInvis +   a - +1 spear
rCold    . . .     Gourm    .   (no shield)
rNeg     . . .     Faith    +   b - +1 leather armour
rPois    +         Spirit   .   (no helmet)
rElec    .         Reflect  .   (no cloak)
rCorr    .         Harm     .   (no gloves)
MR       .....                  (no barding)
Stlth    +.........             o - amulet of faith (curse)
HPRegen  0.14/turn              (no ring)
MPRegen  0.11/turn              (no ring)

@: very slow
A: large, see invisible, deformed body, poison resistance, slowness 2, slow
metabolism 1, spit poison 1, AC +1
a: Spit Poison, Curse Item, Scrying, Renounce Religion


You were on level 3 of the Dungeon.
You worshipped Ashenzari.
Ashenzari was aware of your devotion.
You were hungry.

You visited 1 branch of the dungeon, and saw 3 of its levels.

You collected 45 gold pieces.

Inventory:

Hand Weapons
 a - a +1 spear (weapon)
Missiles
 i - 3 tomahawks (quivered)
 n - 14 poisoned needles
Armour
 b - a +1 leather armour (worn)
Jewellery
 o - a cursed amulet of faith (around neck)
Wands
 e - a wand of iceblast (10)
Scrolls
 d - a scroll of blinking
 j - a scroll of remove curse
Potions
 h - a potion of curing
Comestibles
 c - 3 chunks of flesh
 f - 4 rations


   Skills:
 + Level 3.0 Fighting
 + Level 3.0 Polearms
 - Level 0.8 Throwing
 - Level 0.7 Armour
 - Level 1.5 Dodging
 + Level 2.9 Spellcasting
 + Level 3.4 Translocations


You had 4 spell levels left.
You knew the following spells:

 Your Spells              Type           Power        Failure   Level  Hunger
a - Blink                 Tloc           N/A          10%         2    ##.....
b - Shroud of Golubria    Chrm/Tloc      #.........   21%         2    ##.....

Your spell library contained the following spells:

 Spells                   Type           Power        Failure   Level  Hunger
 Gell's Gravitas          Tloc           ##........   21%         3    ###....
 Lesser Beckoning         Tloc           ##........   21%         3    ###....
 Teleport Other           Tloc           ##......     21%         3    ###....
 Passage of Golubria      Tloc           N/A          54%         4    #####..


Dungeon Overview and Level Annotations

Branches:
Dungeon (3/15)

Altars:
Ashenzari
Cheibriados

Annotations:
D:3 Terence


Innate Abilities, Weirdness & Mutations

You cannot wear boots.
Your serpentine skin is tough. (AC +1)
You have supernaturally acute eyesight. (SInv)
Armour fits poorly on your strangely shaped body.
Your system is resistant to poisons. (rPois)
You cover ground very slowly.
You have a slow metabolism.
You can spit poison.


Message History

Confirm with . or Enter, or press ? or * to list all spells.
Space distorts slightly along a thin shroud covering your body.
The wyvern skeleton barely misses you.
Your shroud bends the wyvern skeleton's attack away!
You hit the wyvern skeleton.
The wyvern skeleton is moderately damaged.
The wyvern skeleton bites you!
You hit the wyvern skeleton.
The wyvern skeleton is heavily damaged.
The wyvern skeleton bites you but does no damage.
You hit the wyvern skeleton.
The wyvern skeleton is severely damaged.
The wyvern skeleton bites you.
You barely miss the wyvern skeleton.
The wyvern skeleton is severely damaged.
The wyvern skeleton bites you!
* * * LOW HITPOINT WARNING * * *
Your shroud falls apart!
The wyvern skeleton bites you!
You die...

#.≈≈≈.## #.#.###.
#.##### #.......
##.## ###.####
##...## #.# #.....#
#.# ##...#########.#
##[###.[......#
.###.###.###.########
......Z@...<.#
####.###.##### #.#
#.# #### #.#
#...#######.#
#.........#.#
#.........#.#
#.........#.##


You could see a wyvern skeleton.

Vanquished Creatures
  Ijyb (D:3)
  2 adders
  An ooze (D:2)
  A worm (D:3)
  A dart slug (D:3)
  4 orcs (D:3)
  3 giant cockroaches
  6 goblins
  10 hobgoblins
  6 kobolds (D:1)
  A ball python (D:3)
  4 bats
  5 frilled lizards
  5 rats
50 creatures vanquished.

Notes
Turn   | Place    | Note
-------+----------+-------------------------------------------
     0 | D:1      | Geeful the Naga Warper began the quest for the Orb.
     0 | D:1      | Reached XP level 1. HP: 19/19 MP: 3/3
   423 | D:1      | Reached XP level 2. HP: 13/26 MP: 5/5
  1538 | D:1      | Learned a level 2 spell: Blink
  1541 | D:1      | Learned a level 2 spell: Shroud of Golubria
  1605 | D:2      | Reached XP level 3. HP: 29/33 MP: 6/6
  1670 | D:2      | Found a faded altar of an unknown god.
  1684 | D:2      | Became a worshipper of Ashenzari the Shackled
  1684 | D:2      | Reached * piety under Ashenzari
  2441 | D:3      | Noticed an ice beast
  2670 | D:3      | Reached XP level 4. HP: 40/40 MP: 8/8
  2731 | D:3      | Noticed Terence
  3172 | D:3      | Found a snail-covered altar of Cheibriados.
  3192 | D:3      | Noticed Ijyb
  3233 | D:3      | Killed Ijyb
  3436 | D:3      | Mangled by a wyvern skeleton

Vault maps used:
D:1:      minmay_arrival_cross, chequers_big_river, patterned_corridor
D:2:      chequers_ecumenical_altar_simple_redux
D:3:      kennysheep_slug_shrine, gammafunk_ghost_split, first_ration,
          kennysheep_generic_room_16, uniq_terence, uniq_ijyb, uniq_jessica

Skill      XL: |  1  2  3  4 |
---------------+-------------+-----
Fighting       | 3 |  3.0
Polearms       | 3 |  3.0
Throwing       | |  0.8
Armour         | |  0.7
Dodging        | |  1.5
Spellcasting   | |  2.9
Translocations | |  3.4

Action                   |  1- 3 |  4- 6 || total
-------------------------+-------+-------++-------
Melee: Spear             |   152 |    98 ||   250
Throw: Tomahawk          |       |     5 ||     5
 Cast: Shroud of Golubri |       |     6 ||     6
       Blink             |       |     2 ||     2
Invok: Curse Item        |     1 |       ||     1
 Abil: Spit Poison       |     1 |     6 ||     7
  Use: Scroll            |     4 |       ||     4
       Potion            |     1 |       ||     1
 Stab: Sleeping          |     1 |       ||     1
  Eat: Chunk             |     2 |     1 ||     3
       Ration            |     1 |       ||     1
Armor: Leather armour    |    26 |    23 ||    49
Dodge: Dodged            |    39 |    39 ||    78

Table legend:
 A = Non-vault XP
 B = Vault XP
 C = Vault XP percentage of total XP
 D = Non-vault monster count
 E = Vault monster count
 F = Vault count percentage of total count
                 A         B        C        D         E       F
            +---------+---------+-------+---------+---------+-------
      Total |     117 |      39 |  25.0 |      48 |       2 |   4.0
            +---------+---------+-------+---------+---------+-------
        D:1 |      31 |       0 |   0.0 |      21 |       0 |   0.0
        D:2 |      43 |       0 |   0.0 |      14 |       0 |   0.0
        D:3 |      43 |      39 |  47.6 |      13 |       2 |  13.3
            +---------+---------+-------+---------+---------+-------
